 Dungeon Crawl Stone Soup version 0.16.1-30-g34a7ffa (webtiles) character file.

89 Krapule the Vandal (level 4, 0/29 HPs)
             Began as a Halfling Hunter on June 18, 2015.
             Succumbed to an adder's poison
             ... on level 2 of the Dungeon.
             The game lasted 00:10:27 (2416 turns).

Krapule the Vandal (Halfling Hunter)                Turns: 2416, Time: 00:10:27

Health: 0/29       AC:  4    Str: 12    XL:     4   Next: 84%
Magic:  4/4        EV: 12    Int: 10    God:
Gold:   124        SH:  7    Dex: 15    Spells: 0 memorised, 3 levels left

rFire  . . .     SeeInvis .     a - +1 short sword
rCold  . . .     Clarity  .     d - +0 leather armour
rNeg   . . .     SustAb   .     g - +0 shield (curse)
rPois  .         Gourm    .     (no helmet)
rElec  .         Spirit   .     (no cloak)
rCorr  .         Warding  .     (no gloves)
rMut   .         Stasis   .     t - +0 pair of boots
MR     .....                    (no amulet)
Stlth  ++........               (no ring)
                                (no ring)

@: lethally poisoned (0 -> -3), flying, not resistant to hostile enchantments,
unstealthy
A: mutation resistance 1
a: no special abilities


You were on level 2 of the Dungeon.
You were hungry.

You visited 1 branch of the dungeon, and saw 2 of its levels.

You collected 124 gold pieces.

Inventory:

Hand weapons
 a - a +1 short sword (weapon)
 b - a +1 hunting sling
Missiles
 c - 20 sling bullets
 i - 73 stones (quivered)
Armour
 d - a +0 leather armour (worn)
 g - a cursed +0 shield (worn)
 t - a +0 pair of boots (worn)
Jewellery
 e - an uncursed ring of magical power {unknown}
Scrolls
 k - a scroll of magic mapping {unknown}
 l - a scroll of identify {unknown}
 m - a scroll of random uselessness {unknown}
 o - a scroll of noise {unknown}
 p - a scroll of enchant armour {unknown}
 q - a scroll of fog {unknown}
 r - a scroll of fear {unknown}
Potions
 h - a potion of brilliance
 j - a potion of agility
Comestibles
 f - a bread ration
 n - a slice of pizza
 u - a meat ration


   Skills:
 + Level 2.2 Fighting
 - Level 2.1 Short Blades
 + Level 6.1 Slings
 + Level 3.1 Dodging
 + Level 2.5 Stealth
 + Level 0.9 Shields


You had 3 spell levels left.
You didn't know any spells.

Dungeon Overview and Level Annotations

Branches:
Dungeon (2/15)

Altars:
Kikubaaqudgha


Innate Abilities, Weirdness & Mutations

You are small and have problems with some larger weapons.
You are somewhat resistant to further mutation.


Message History

The adder is moderately wounded.
The adder bites you but does no damage. The adder barely misses you.
You miss the adder.
The adder is moderately wounded.
The adder closely misses you.
You hit the adder but do no damage.
The adder is moderately wounded.
You feel sick.
You are no longer poisoned.
You block the adder's attack. The adder barely misses you.
You closely miss the adder.
The adder is moderately wounded.
The adder closely misses you.
You barely miss the adder.
The adder is moderately wounded.
The adder bites you.
* * * LOW HITPOINT WARNING * * *
You are lethally poisoned!
The adder poisons you!
You die...

#.###.##.##.##.......#.....
#........##.......#..####.##
#####.#####..#.##.......>.#
#.#####..#...[#..#.......
#........#.##.#..#.##...
########.#......<# # ##
#....S...)..# #..##.#..#....
#..##@#..#....
#.....(.[#.....
#..#.##..#..(... #..#.#
?.#....... #..... ..#......
#.###.#.##... #. .#.# #.
...# ## .###


You could see an adder.

Vanquished Creatures
  5 adders (D:2)
  A giant gecko (D:1)
  3 giant cockroaches (D:2)
  5 goblins
  6 hobgoblins
  6 jackals (D:1)
  4 kobolds
  2 oozes
  A quokka (D:2)
  3 bats (D:2)
  A giant newt (D:2)
  7 rats
44 creatures vanquished.

Notes
Turn   | Place    | Note
--------------------------------------------------------------
     0 | D:1      | Krapule, the Halfling Hunter, began the quest for the Orb.
     0 | D:1      | Reached XP level 1. HP: 14/14 MP: 1/1
   124 | D:1      | Reached XP level 2. HP: 14/19 MP: 2/2
   659 | D:1      | Reached skill level 1 in Short Blades
  1102 | D:1      | Reached XP level 3. HP: 11/24 MP: 3/3
  1133 | D:1      | Reached skill level 6 in Slings
  1558 | D:2      | Reached XP level 4. HP: 12/29 MP: 4/4
  1866 | D:2      | Found an ancient bone altar of Kikubaaqudgha.
  2415 | D:2      | HP: 1/29 [adder (2)]
  2416 | D:2      | Succumbed to an adder's poison

Action                   |  1- 3 |  4- 6 || total
-------------------------+-------+-------++-------
Melee: Short sword       |   119 |    67 ||   186
 Fire: Hunting sling     |    15 |     8 ||    23
  Use: Scroll            |     2 |       ||     2
       Potion            |       |     5 ||     5
 Stab: Sleeping          |     4 |       ||     4
       Distracted        |       |     1 ||     1
  Eat: Chunk             |     2 |     2 ||     4
